 Dungeon Crawl Stone Soup version 0.21-a0-442-g848f44b (webtiles) character file.

129 slep the Skirmisher (level 4, -6/39 HPs)
             Began as a Demonspawn Wanderer on Nov 16, 2017.
             Killed from afar by Skryme's ghost (17 damage)
             ... with a stone arrow
             ... on level 3 of the Dungeon.
             The game lasted 00:11:11 (2134 turns).

slep the Skirmisher (Demonspawn Wanderer)           Turns: 2134, Time: 00:11:11

Health: -6/39      AC:  3    Str: 13    XL:     4   Next: 88%
Magic:  4/4        EV: 12    Int: 14    God:
Gold:   97         SH:  0    Dex: 12    Spells: 3/3 levels left

rFire    . . .     SeeInvis +   b - +0 mace
rCold    . . .     Gourm    .   (no shield)
rNeg     . . .     Faith    .   m - -2 ring mail (curse)
rPois    .         Spirit   .   (no helmet)
rElec    .         Reflect  .   (no cloak)
rCorr    .         Harm     .   (no gloves)
MR       .....     Rnd*Tele +   (no boots)
Stlth    +.........             (no amulet)
HPRegen  0.13/turn              h - ring of see invisible
MPRegen  0.09/turn              q - ring of teleportation (curse)

@: no status effects
A: repulsion field 1
a: no special abilities


You were on level 3 of the Dungeon.
You were not hungry.

You visited 1 branch of the dungeon, and saw 3 of its levels.

You collected 97 gold pieces.

Inventory:

Hand Weapons
 a - a +2 hand crossbow
 b - a +0 mace (weapon)
 l - a cursed -1 dagger
 o - a +0 whip of venom
 p - a +0 vampiric whip
Missiles
 c - 25 bolts
 v - a throwing net (quivered)
Armour
 e - a +0 robe
 m - a cursed -2 ring mail (worn)
Jewellery
 h - a ring of see invisible (left hand)
 q - a cursed ring of teleportation (right hand)
Scrolls
 g - a scroll of amnesia {unknown}
 i - 3 scrolls of identify {unknown}
 j - 2 scrolls of fear {unknown}
 s - a scroll of teleportation {unknown}
 t - a scroll of remove curse {unknown}
Potions
 d - 2 potions of curing
 k - a potion of flight
Comestibles
 f - 2 bread rations
 r - 2 royal jellies
 w - 5 chunks of flesh


   Skills:
 + Level 5.0 Fighting
 + Level 1.4 Maces & Flails
 + Level 3.0 Crossbows
 + Level 2.0 Armour
 + Level 1.3 Dodging
 + Level 1.1 Stealth
   Level 1.0 Evocations


You had 3 spell levels left.
You didn't know any spells.

Dungeon Overview and Level Annotations

Branches:
Dungeon (3/15)

Altars:
Gozag
Ru

Annotations:
D:3 Skryme's ghost, amateur GnWn


Innate Abilities, Weirdness & Mutations

You are surrounded by a mild repulsion field. (EV +2)


Message History

Your magical effects are unravelling.
You feel magically purged.
You float gracefully downwards.
You feel a little less agile now. The giant cockroach bites you.
You sock the giant cockroach!
You kill the giant cockroach!
Your Armour skill increases to level 2!
You closely miss Skryme's ghost. Skryme's ghost hits you.
Skryme's ghost points at you and mumbles some strange words.
The stone arrow hits you!
* * * LOW HITPOINT WARNING * * *
You hit Skryme's ghost but do no damage.
Skryme's ghost closely misses you.
You hit Skryme's ghost but do no damage.
Skryme's ghost barely misses you.
You hit Skryme's ghost.
Skryme's ghost is lightly damaged.
Skryme's ghost casts a spell at you. The stone arrow hits you!
You die...

#. #.### ##.#..
...........#..#.#
............#..#.#
........... #..#.#
# # ..........#
#..#.#.#...#
..........#
#...@W.=._..
..........#
+..#.#.#...#
..........# #..#.#
# # ........).#
#..#.# .........<#
#..#.# ######'####
#.(#..
........).###..###
.................#
.................#


You could see Skryme's ghost.

Vanquished Creatures
  4 gnolls (D:2)
  3 adders (D:2)
  2 oozes
  A dart slug (D:2)
  An orc (D:3)
  2 giant cockroaches
  9 goblins
  4 hobgoblins
  8 jackals (D:1)
  7 bats
  2 frilled lizards
  6 kobolds
  2 rats
51 creatures vanquished.

Notes
Turn   | Place    | Note
-------+----------+-------------------------------------------
     0 | D:1      | slep the Demonspawn Wanderer began the quest for the Orb.
     0 | D:1      | slep set off with: a +2 hand crossbow, 26 bolts, a +0 mace, a potion of curing, a +0 robe, a bread ration
     0 | D:1      | Reached XP level 1. HP: 19/19 MP: 1/1
   337 | D:1      | Gained mutation: You are surrounded by a mild repulsion field. (EV +2) [demonic ancestry]
   337 | D:1      | Reached XP level 2. HP: 26/26 MP: 2/2
   765 | D:1      | Reached XP level 3. HP: 9/31 MP: 3/3
  1186 | D:2      | Reached skill level 1 in Dodging
  1466 | D:2      | Reached XP level 4. HP: 36/38 MP: 4/4
  1622 | D:2      | Reached skill level 1 in Maces & Flails
  1956 | D:2      | Found an opulent altar of Gozag.
  2045 | D:2      | Reached skill level 5 in Fighting
  2124 | D:3      | Found a sacrificial altar of Ru.
  2126 | D:3      | Noticed Skryme's ghost (amateur GnWn)
  2134 | D:3      | Killed from afar by Skryme's ghost

Vault maps used:
D:1:      saegor_arrival_simple_d, kennysheep_nondescript
D:2:      nicolae_gozag_cash_rules_everything_around_me
D:3:      nicolae_overflow_hidden_temple, nicolae_ru_sacrificial_ziggurat

Skill      XL: |  1  2  3  4 |
---------------+-------------+-----
Dodging        | 1 |  1.3
Maces & Flails | 1 |  1.4
Crossbows      | 3 |  3.0
Fighting       | 5 |  5.0
Armour         | 2 |  2.0
Stealth        | |  1.1
Evocations     | |  1.0

Action                   |  1- 3 |  4- 6 || total
-------------------------+-------+-------++-------
Melee: Mace              |   119 |    68 ||   187
       Whip              |     4 |    11 ||    15
 Fire: Hand crossbow     |    13 |     5 ||    18
  Use: Potion            |     2 |     3 ||     5
 Stab: Sleeping          |     2 |       ||     2
  Eat: Chunk             |     1 |     3 ||     4
Armor: Robe              |     6 |       ||     6
       Ring mail         |    31 |    23 ||    54
Dodge: Dodged            |   110 |    55 ||   165

Table legend:
 A = Spawn XP
 B = Non-spawn XP
 C = Spawn XP percentage of total XP
 D = Spawn monster count
 E = Non-spawn monster count
 F = Spawn count percentage of total count
 G = Total turns spent on level
                    A         B        C        D         E        F      G
               +---------+---------+-------+---------+---------+-------+---------
         Total |       0 |     185 |   0.0 |       0 |      51 |   0.0 |  2134
               +---------+---------+-------+---------+---------+-------+---------
           D:1 |       0 |      54 |   0.0 |       0 |      27 |   0.0 |  1216
           D:2 |       0 |     125 |   0.0 |       0 |      21 |   0.0 |   883
           D:3 |       0 |       6 |   0.0 |       0 |       3 |   0.0 |    35
               +---------+---------+-------+---------+---------+-------+---------
